Cogmind - Beta 17 @@@ ROGUE MODE // 2026.07.12 @ 12:30:31 Player: Scared Dad Result: Destroyed by AD-KZ4(R) with Subdweller Laser Performance ------------- Evolutions (0) 0 Regions Visited (3) 600 Robots Destroyed (22) 110 Value Destroyed (738) 738 Prototype IDs (0) 0 Alien Tech Used (0) 0 Bonus (0) 0 TOTAL SCORE: 1448 Bonus ------- None Cogmind --------- Core Integrity 0/250 Matter 270/300 Energy 82/100 System Corruption 1% Temperature Cool (6) Movement Walking (190) Ox1 Location -10/Subcaves Parts ------- > --- POWER (1) -------- (None) > --- PROPULSION (2) --- Aluminum Leg > --- UTILITY (2) ------ Medium Storage Unit Light Armor Plating > --- WEAPON (2) ------- Field Laser Battle Cannon > --- INVENTORY (10) --- Subdweller Power Source Improved Heat Sink Subdweller Optics Advanced Visual Processing Unit Targeting Computer Subdweller Beam Cannon Subdweller Machine Gun Subdweller Shrapnel Launcher Improved Datajack Peak State ------------ > --- POWER ------------ Light Ion Engine > --- PROPULSION ------- Aluminum Leg Aluminum Leg > --- UTILITY ---------- Improved Heat Sink Medium Storage Unit > --- WEAPON ----------- Small Laser Field Laser > --- INVENTORY -------- Ion Engine Aluminum Leg Aluminum Leg Signal Interpreter Targeting Computer Light Armor Plating Beam Cannon Beam Cannon Grenade Launcher Mining Laser [Rating: 12] Favorites ----------- Power Light Ion Engine Engine Light Ion Engine Power Core Light Nuclear Core Propulsion Light Treads Treads Light Treads Leg Aluminum Leg Utility Medium Storage Unit Device Heat Sink Storage Medium Storage Unit Processor Signal Interpreter Protection Light Armor Plating Weapon Small Laser Energy Gun Small Laser Energy Cannon Beam Cannon Ballistic Gun Light Assault Rifle Ballistic Cannon Battle Cannon Launcher Grenade Launcher Build | -11 -10 -10 -10 ------- Run | Yrd Mat Min Sub Slots Evolved . | . . . . Power . | . . . . Propulsion . | . . . . Utility . | . . . . Weapon . | . . . . Parts Attached 32 | 6 13 5 8 Power 4 | 1 2 . 1 Engine 3 | 1 1 . 1 Core 1 | . 1 . . Reactor . | . . . . Propulsion 8 | 2 2 1 3 Treads 2 | 2 . . . Leg 6 | . 2 1 3 Wheel . | . . . . Hover . | . . . . Flight . | . . . . Utility 9 | 1 4 2 2 Device 4 | . 2 1 1 Storage 2 | 1 1 . . Processor 2 | . 1 1 . Hackware . | . . . . Protection 1 | . . . 1 Artifact . | . . . . Weapon 11 | 2 5 2 2 Energy Gun 6 | 1 4 1 . Energy Cannon 2 | . . 1 1 Ballistic Gun 1 | 1 . . . Ballistic Cannon 1 | . . . 1 Launcher 1 | . 1 . . Special Weapon . | . . . . Impact Weapon . | . . . . Slashing Weapon . | . . . . Piercing Weapon . | . . . . Special Melee Weapon . | . . . . Unidentified Prototypes . | . . . . Parts Lost 6 | . . . 6 Power 2 | . . . 2 Propulsion 2 | . . . 2 Utility . | . . . . Weapon 2 | . . . 2 Highest Loss Streak 3 | . . . 3 To Critical Strikes . | . . . . Average Backups 9 | 4 9 9 9 Power 1 | 1 1 1 . Propulsion 2 | 2 2 2 1 Utility 2 | . 1 3 4 Weapon 3 | . 3 2 2 Tool/Special . | . . . . Unused Backups 13 | . 5 1 7 Power 1 | . . . 1 Propulsion 2 | . 2 . . Utility 2 | . . . 2 Weapon 7 | . 3 1 3 Tool/Special 1 | . . . 1 Average Slot Usage (%) 98 | . 97 100 99 Engine 9 | . 5 14 14 Core 4 | . 8 . . Treads 13 | . 25 . . Leg 14 | . 2 28 27 Device 10 | . 10 13 3 Storage 14 | . 14 14 14 Processor 2 | . 1 . 10 Energy Gun 21 | . 25 19 14 Energy Cannon 4 | . . 8 9 Ballistic Gun 1 | . 2 . . Peak Build Rating 12 | 6 10 12 12 Average Rating 9 | 4 8 10 10 On Entrance 6 | . 6 8 10 Avg Prop Armor Cover (%) . | . . . . Naked Turns . | . . . . Heaviest Build 23 | 13 19 20 23 Greatest Support 40 | 40 40 20 20 Greatest Overweight (x) 1 | . . . 1 Average Overweight (x) . | . . . . Largest Inventory Capacity 10 | 8 10 10 10 Average Capacity 9 | 7 9 10 10 Most Carried 10 | 7 10 10 10 Average Carried 9 | 4 9 9 9 Final Capacity 10 | 8 10 10 10 Final Carried 10 | 6 10 10 9 Class Distribution -------------------- 95% | Mutant 4% | Scavenger-Mutant Dominant Class ---------------- Mutant | -10/Materials Mutant | -10/Mines Mutant | -10/Subcaves Resources | -11 -10 -10 -10 ----------- Run | Yrd Mat Min Sub Matter Collected 629 | 244 160 90 135 Remotely . | . . . . Salvage Created 805 | . 461 107 237 Parts 33 | . 20 3 10 Haulers Intercepted . | . . . . Recyclers Shooed . | . . . . Parts Field Recycled . | . . . . Retrieved Matter . | . . . . Parts Self-Destructed . | . . . . Prevented . | . . . . Parts Restored . | . . . . Kills | -11 -10 -10 -10 ------- Run | Yrd Mat Min Sub Combat Hostiles Destroyed 20 | . 12 2 6 Guns 15 | . 10 2 3 Cannons 3 | . . . 3 AOE 2 | . 2 . . Classes Destroyed 5 | . 4 . 1 Recycler 1 | . 1 . . Watcher 1 | . 1 . . Swarmer 3 | . 3 . . Grunt 11 | . 9 2 . Subdweller 6 | . . . 6 Best Kill Streak 4 | . 4 2 3 Combat Bots Only 4 | . 4 2 3 Max Kills in Single Turn 2 | . 2 1 1 Gunslinging . | . . . . Exploded 2 | . 2 . . Melee . | . . . . Uniques/NPCs Destroyed . | . . . . Combat | -11 -10 -10 -10 -------- Run | Yrd Mat Min Sub Hostile Shots Fired 115 | . 62 9 44 Missed 36 | . 22 3 11 Hits 79 | . 40 6 33 Projectile 79 | . 40 6 33 AOE 6 | . . . 6 Critical Strikes 3 | . 1 1 1 Damage Taken 1466 | . 490 95 881 Core 267 | . 103 . 164 Absorbed by Shields . | . . . . Regen/Repaired (Parts) 87 | . 87 . . Core Remaining (%) 100 | 100 . . . Volleys Fired 78 | . 43 7 28 Largest 2 | . 2 2 2 Hottest 123 | . 90 90 123 Shots Fired 153 | . 83 14 56 Gun 123 | . 81 14 28 Cannon 28 | . . . 28 Launcher 2 | . 2 . . Special . | . . . . Kinetic 34 | . 19 . 15 Thermal 115 | . 60 14 41 Explosive 2 | . 2 . . Electromagnetic 2 | . 2 . . Robot Hit Streak 11 | . 7 8 11 Robot Miss Streak 5 | . 5 1 1 Penetration Max . | . . . . Secondary Targets . | . . . . Shots Hit Robots 104 | . 50 10 44 Core Hits 42 | . 26 5 11 Critical Kills . | . . . . Critical Parts Destroyed . | . . . . Critical Strikes 4 | . 1 2 1 Burn 4 | . 1 2 1 Melee Attacks . | . . . . Impact . | . . . . Slashing . | . . . . Piercing . | . . . . Sneak Attacks . | . . . . Combat Hostiles . | . . . . Follow-up Attacks . | . . . . Damage Inflicted 1540 | . 670 148 722 Guns 978 | . 552 121 305 Cannons 417 | . . . 417 Explosions 117 | . 117 . . Melee . | . . . . Ramming 28 | . 1 27 . Kinetic 375 | . 97 . 278 Thermal 996 | . 431 121 444 Explosive 117 | . 117 . . Electromagnetic 24 | . 24 . . Impact . | . . . . Slashing . | . . . . Piercing . | . . . . Highest Corruption 1 | . 1 1 1 Average Corruption 1 | . 1 1 1 Corruption Purged . | . . . . Corruption Blocked . | . . . . Effects 14 | . 5 6 3 Message Errors 3 | . 1 2 . Matter Fused 2 | . 1 . 1 Heat Flow Errors 3 | . 1 2 . Energy Discharges 2 | . 1 . 1 Data Loss (minor) 3 | . 1 2 . Alerts 1 | . . . 1 Overload Shots . | . . . . Overflow Damage . | . . . . Projectiles . | . . . . Explosions . | . . . . Melee . | . . . . Knockbacks 4 | . . 1 3 Impact 1 | . . 1 . Kinetic 3 | . . . 3 Secondary . | . . . . Self-Inflicted Damage . | . . . . Shots . | . . . . Rammed 1 | . 1 . . Targets Rammed 6 | . 2 4 . Kicked 4 | . . 4 . Crushed 1 | . 1 . . Highest Temperature 186 | . 121 186 69 Average Temperature 32 | . 27 59 25 Received Heat Transfer 519 | . 279 69 171 Siege Activations . | . . . . Martial Activations . | . . . . Shielding Activations . | . . . . Robots Disrupted . | . . . . Combat Hostiles . | . . . . Robots Corrupted . | . . . . Combat Hostiles . | . . . . Parts Fried . | . . . . Impact Corruptions . | . . . . Robots Melted . | . . . . Combat Hostiles . | . . . . Parts Melted 6 | . 3 1 2 Heat Transferred 2615 | . 1109 470 1036 Parts Sabotaged . | . . . . Parts Stolen . | . . . . Parts Stripped . | . . . . Power Chain Reactions . | . . . . Alert | -11 -10 -10 -10 ------- Run | Yrd Mat Min Sub Maximum Alert Level . | . . . . Low Security (%) 100 | 100 100 100 . Level 1 . | . . . . Level 2 . | . . . . Level 3 . | . . . . Level 4 . | . . . . Level 5 . | . . . . High Security . | . . . . Max Security . | . . . . Peak Influence 158 | . 158 50 . Initial . | . . . . Average 28 | . 43 2 . Influence Increases 420 | . 370 50 . Destroy 0b10 Robot/C 280 | . 240 40 . Destroy 0b10 Robot/NC 10 | . 10 . . Destroy Leader 72 | . 62 10 . Successful Hack 5 | . 5 . . Disable Machine 30 | . 30 . . Destroy Structure 8 | . 8 . . Lose Combat Pursuer 15 | . 15 . . Influence Decreases 420 | . 370 50 . Time Decay 420 | . 370 50 . Squads Dispatched 3 | . 2 1 . Investigation 2 | . 1 1 . Extermination . | . . . . Reinforcement 1 | . 1 . . Assault . | . . . . Garrison . | . . . . Intercept . | . . . . Searches Triggered . | . . . . Construction Impeded . | . . . . Haulers Reinforced . | . . . . Active Scanning Responses . | . . . . Cargo Convoy Interrupts . | . . . . Stealth | -11 -10 -10 -10 --------- Run | Yrd Mat Min Sub Distress Signals 1 | . 1 . . Communications Jammed . | . . . . Distress Signals . | . . . . Times Spotted 32 | . 22 2 8 Peak Tracking Total 5 | . 5 2 2 Tactical Retreats 1 | . 1 . . Traps | -11 -10 -10 -10 ------- Run | Yrd Mat Min Sub Traps Triggered 1 | . 1 . . Indirectly . | . . . . Trap Hack Attempts . | . . . . Triggered . | . . . . Disarmed . | . . . . Reprogrammed . | . . . . Reused . | . . . . Traps Extracted . | . . . . Installed . | . . . . Triggered . | . . . . Machines | -11 -10 -10 -10 ---------- Run | Yrd Mat Min Sub Machines Disabled 2 | . 2 . . Max in Single Turn 2 | . 2 . . Machines Repaired . | . . . . Machines Dismantled . | . . . . Machines Sabotaged . | . . . . Overloaded Fab Kills . | . . . . Hacking | -11 -10 -10 -10 --------- Run | Yrd Mat Min Sub Machines Accessed 11 | . 10 1 . Terminals 7 | . 7 . . Fabricators . | . . . . Repair Stations 1 | . 1 . . Recycling Units 2 | . 2 . . Scanalyzers . | . . . . Garrison Access . | . . . . Total Hacks 24 | . 23 1 . Successful 12 | . 11 1 . Failed 12 | . 12 . . Catastrophic 3 | . 3 . . Database Lockouts . | . . . . Manual . | . . . . Terminals 16 | . 16 . . Fabricators . | . . . . Repair Stations 3 | . 3 . . Recycling Units 4 | . 4 . . Scanalyzers . | . . . . Garrison Access . | . . . . Terminal Hacks 8 | . 7 1 . Record 3 | . 3 . . Open Door 1 | . . 1 . Locate Traps 2 | . 2 . . Maintenance Status 1 | . 1 . . Investigation Status 1 | . 1 . . Fabricator Hacks . | . . . . Repair Station Hacks 2 | . 2 . . Scan Component 1 | . 1 . . Repair 1 | . 1 . . Recycling Unit Hacks 2 | . 2 . . Retrieve Components 2 | . 2 . . Scanalyzer . | . . . . Garrison Access Hacks . | . . . . Unauthorized Hacks . | . . . . Terminals . | . . . . Fabricators . | . . . . Repair Stations . | . . . . Recycling Units . | . . . . Scanalyzers . | . . . . Garrison Access . | . . . . Data Cores Recovered . | . . . . Used . | . . . . Hacking Detections 9 | . 9 . . Full Trace Events 1 | . 1 . . Feedback Events . | . . . . Feedback Blocked . | . . . . Robot Schematics Acquired . | . . . . Robots Built . | . . . . Authchips . | . . . . Time . | . . . . Total Robot Build Rating . | . . . . Part Schematics Acquired . | . . . . Parts Built . | . . . . Authchips . | . . . . Time . | . . . . Total Part Build Rating . | . . . . Part Studies Acquired . | . . . . Parts Repaired 1 | . 1 . . Time 26 | . 26 . . Parts Recycled . | . . . . Recycled Matter . | . . . . Retrieved Matter . | . . . . Retrieved Components 17 | . 17 . . Parts Scanalyzed . | . . . . Part Schematics Acquired . | . . . . Parts Damaged . | . . . . Bothacking | -11 -10 -10 -10 ------------ Run | Yrd Mat Min Sub Used RIF Installer . | . . . . Robots Hacked . | . . . . Non-combat . | . . . . Combat . | . . . . Robot Hacks Applied . | . . . . Relay Couplers Released . | . . . . Fabnet Peak Effective % . | . . . . Robots Rewired . | . . . . Allies Hacked . | . . . . Hacks Repelled . | . . . . Allies | -11 -10 -10 -10 -------- Run | Yrd Mat Min Sub Total Allies 3 | . . 3 . Largest Group 3 | . . 3 3 Highest-Rated Group 40 | . . 40 40 Highest-Rated Ally 16 | . . 16 16 Total Orders . | . . . . Ally Attacks 4 | . . . 4 Total Damage 44 | . . . 44 Kills . | . . . . Allies Corrupted . | . . . . Allies Melted . | . . . . Intel | -11 -10 -10 -10 ------- Run | Yrd Mat Min Sub Active Infowar (turns) 103 | . . . 103 Optics 103 | . . . 103 Robot Analysis Total . | . . . . Derelict Logs Recovered 3 | . . 3 . Drone Launches . | . . . . Drone Recoveries . | . . . . Exploration | -11 -10 -10 -10 ------------- Run | Yrd Mat Min Sub Turns Passed 3006 | 92 1571 857 486 Spaces Moved 1864 | 54 871 653 286 Core 10 | 10 . . . Treads 805 | 44 761 . . Legs 1049 | . 110 653 286 Wheels . | . . . . Hover . | . . . . Flight . | . . . . Fastest Speed 50 | 50 120 120 120 Average Speed 139 | 139 154 120 133 Slowest Speed 190 | 160 160 120 190 Overloaded Moves . | . . . . Propulsion Burnouts . | . . . . Robots Hopped . | . . . . Potential Cave-ins 1 | . . . 1 Cave-ins Triggered . | . . . . Exploration Rate (%) 55 | 4 98 98 21 Regions Visited 3 Branch Regions 2 Pre-discovered Areas 1 | . . 1 . Known Exits Taken 2 | . 1 1 . Unknown Exits Taken 1 | 1 . . . Scrap Searched 1 | . . 1 . Spaces Dug . | . . . . Terrain Destroyed 11 | . 11 . . Melee . | . . . . Projectile . | . . . . AOE 11 | . 11 . . Terrain Rammed . | . . . . Walls Destroyed . | . . . . Machines Disabled . | . . . . Actions | -11 -10 -10 -10 --------- Run | Yrd Mat Min Sub Total 2134 | 71 1014 713 336 Wait 91 | . 51 38 2 Move 1861 | 53 870 652 286 Hop . | . . . . Pick Up 37 | 12 16 2 7 Fast Attach 5 | . 5 . . Attach 13 | 6 1 1 5 Detach . | . . . . Swap 17 | . 9 4 4 Drop 26 | . 17 5 4 Fire 78 | . 43 7 28 Melee . | . . . . Ram . | . . . . Kick 4 | . . 4 . Crush 2 | . 2 . . Escape Stasis . | . . . . Rewire . | . . . . Trap . | . . . . Miscellaneous . | . . . . Route ------- -11/Scrapyard -10/Materials (discovered 5 exits: *Mat x3 / *Min x2) -10/Mines (discovered 3 exits: *Mat x2 / *Sub) -10/Subcaves History --------- Turn | Location | Event 2 | -11/Scrapyard | Met Revision 17 8 | -11/Scrapyard | Discovered new exit (range 16) 93 | -11/Scrapyard | Entered Materials 315 | -10/Materials | Build established: Mutant 529 | -10/Materials | Discovered new exit (range 14) 703 | -10/Materials | Discovered new exit (range 16) 805 | -10/Materials | Discovered new exit (range 10) 931 | -10/Materials | Discovered new exit (range 15) 968 | -10/Materials | Identified exit to Materials 1040 | -10/Materials | Identified exit to Mines 1330 | -10/Materials | Repaired Lgt. Treads 1383 | -10/Materials | Discovered exit to Materials (range 11) 1664 | -10/Materials | Entered Mines 1696 | -10/Mines | Met a Derelict bent on vengeance 1729 | -10/Mines | Discovered exit to Materials (range 7) 1978 | -10/Mines | Learned 2 Materials zone layouts 2002 | -10/Mines | Met a Derelict shopkeep closing up shop 2041 | -10/Mines | Discovered exit to Materials (range 9) 2176 | -10/Mines | Assisted by bots powering up and referring to "LRC-V3" 2209 | -10/Mines | Learned Materials trap positions 2261 | -10/Mines | Learned location of Zion (-7) 2506 | -10/Mines | Discovered new exit (range 5) 2515 | -10/Mines | Identified exit to Subcaves 2521 | -10/Mines | Entered Subcaves 2521 | -10/Subcaves | Accompanied by 3 allies 2778 | -10/Subcaves | Core integrity fell below 50% 2779 | -10/Subcaves | Ambushed by Subdweller buried in earth 2808 | -10/Subcaves | Lost 3 allies 2899 | -10/Subcaves | Lost 3 parts (1p1n1w) 2951 | -10/Subcaves | Shifting Twisted Machinery released Sub. Monowheel 2996 | -10/Subcaves | Core integrity fell below 20% 3007 | -10/Subcaves | Destroyed by AD-KZ4(R) with Subdweller Laser Last Messages --------------- 02889_ Acquired Sub. Power Source. 02894_ Acquired 1 matter. 02896_ Discarded Signal Interpreter. 02898_ Acquired Sub. Optics. 02899_ Subatomizers dissect the Sub. Monowheel. 02900_ Acquired 6 matter. 02902_ System corrupted: IFF burst signal emitted. 02911_ Acquired 1 matter. 02912_ Subatomizers dissect the Sub. Monowheel. 02915_ Acquired 3 matter. 02926_ Subatomizers dissect the Sub. Optics. 02932_ Acquired Sub. Beam Cannon. Sub. Monowheel falls loose from the Twisted Machinery. 02996_ AD-KZ4(R) suffers critical hit (Burn). 02999_ Aluminum Leg destroyed. 02999_ AD-KZ4(R) knocked back. 03005_ Ion Engine destroyed. 03007_ AD-KZ4(R) knocked back. Map ----- +----------------------------------------------------+ | ?????????????????????????????????????????????????? | | ?????????????????????????????????????????????????? | | ?????????????????????????????????????????????????? | | ?????????????????????????????????????????????????? | | ?????????????????????????????????????????????????? | | ?????????????????????????????????????????????????? | | ?????????????????????????????????????????????????? | | ????????????????????????#????????????????????????? | | ???????????????????????? ????### ????????????????? | | ???????????????????????# ??? # ?????????????????? | | ???????????????????????$ ?## ?????????????????? | | ?????????????????????### # # "?????????????????? | | ???????????????????### < < # ?????????????????? | | ???????????????????? # # ??????????????????? | | ???????????????????? ??????????????????? | | ????????????????????? ???????????????????? | | ????????????????????? ???????????????????? | | ?????????????????????# #???????????????????? | | ?????????????????????? #???????????????????? | | ?????????????????????? #???????????????????? | | ??????????????????????# ##??????????????????? | | ??????????????????????# R#??????????????????? | | ??????????????????????# R ???????????????????? | | ??????????????????????# ????????????????????? | | ??????????????????????# #?????????????????????? | | ???????????????????????#%@ ########??????????????? | | ???????????????????????## ## #??????????????? | | ????????????????????????# " ##?????????????? | | ???????????????????????## #?????????????? | | ???????????????????????# " #?????????????? | | ???????????????????????# # " ##?????????????? | | ???????????????????????# ## ###??????????????? | | ???????????????????????## ##????????????????? | | ???????????????????????## #????????????????? | | ???????????????????????# "# #????????????????? | | ???????????????????????# ### ##????????????????? | | ?????????????????????### "##"" #????????????????? | | ?????????????????????# """ ##????????????????? | | ?????????????????????### " "" ##???????????????? | | ???????????????????????####="" "#???????????????? | | ??????????????????????????# " ####???????????????? | | ?????????????????????????## " #??????????????????? | | ?????????????????????????# "" #??????????????????? | | ???????????????????????#### ##??????????????????? | | ???????????????????????# ## #???????????????????? | | ????????????????????????# #???????????????????? | | ???????????????????????## #####???????????????? | | ???????????????????????# ## ##??????????????? | | ???????????????????????# ##### #??????????????? | | ???????????????????????## #???#" ##?????????????? | +----------------------------------------------------+ Best States ------------- Heat Dissipation 39 Energy Generation 14 Energy Capacity 250 Matter Stores 300 Matter Capacity 300 Sight Range 21 Terrain Scan Density 10 Evasion (%) 55 Recoil Reduction 2 Item Schematics ----------------- None Robot Schematics ------------------ None Fabricated ------------ Nothing Repaired ---------- Lgt. Treads | 37% | -10/Materials Studied --------- None Alien Tech Used ----------------- None Achievements -------------- Do Not Disturb Challenges ------------ None Game ------ Seed MetamassPitchforkEdition Manual? 0 Play Time 00:24:14 Cumulative 122.8 hours Start 2026.07.12 @ 12:10:37 End 2026.07.12 @ 12:30:31 Sessions 1 Manual Loads 0 Difficulty Rogue Special Mode None Game No. 152 Rogue 152 Adventurer 0 Explorer 0 Win Type - Total 0 Types 0/0/0/0/0/0/0/0/0/0 Lore% 53 Gallery% 47 Achievement% 34 Wizard Run 0 Options --------- Layout 2 ASCII 0 Keyboard 0 Movement Numpad Keybinds 0 Fullscreen 1 Font 24/Smallcaps Map View 50x44 Zoom Use 0% Tactical HUD 1 Map Filters NONE Filters NONE Steam 1 RUN: fa8431ee-5399-4b8e-a703-8a4d3b30d816